NEW YORK Rangers vs VEGAS Golden Knights

Created - 8 janvier 2019 at 16:54

Goals
1 2 3 T
NEW YORK Rangers 1 0 1 2
VEGAS Golden Knights 0 3 2 5
Shots
1 2 3 T
NEW YORK Rangers 8 10 10 28
VEGAS Golden Knights 6 16 12 34

1st period

1. NEW YORK Rangers , Travis Zajac 12 (Josh Bailey 15, Michael Stone 8) at 0:59

Penalties :
Justin Braun (VGK) for Holding (Minor) at 2:53, Michael Raffl (VGK) for Slashing (Minor) at 7:45, Calle Jarnkrok (VGK) for Slashing (Minor) at 18:17

2nd period

2. VEGAS Golden Knights , Antoine Roussel 8 (Zack Kassian 7, Brendan Smith 12) at 10:11
3. VEGAS Golden Knights , Justin Braun 7 (Mattias Janmark 11, Matt Stajan 19) at 12:11 (PP)
4. VEGAS Golden Knights , Mattias Janmark 13 (Calle Jarnkrok 22, Jordan Oesterle 5) at 12:54

Penalties :
Nick Bjugstad (VGK) for Hooking (Minor) at 1:20, Nick Bjugstad (VGK) for Interference (Minor) at 7:39, Tyler Myers (NYR) for Tripping (Minor) at 11:10, Marc Methot (VGK) for Roughing (Minor) at 19:14

3rd period

5. NEW YORK Rangers , Carl Soderberg 5 (Brandon Manning 15) at 3:38
6. VEGAS Golden Knights , Zack Kassian 4 (Brenden Dillon 11, Joel Ward 4) at 12:31
7. VEGAS Golden Knights , Cody Eakin 7 (Justin Braun 26) at 15:29

Penalties :
Brandon Manning (NYR) for Roughing (Minor) at 7:21, Brenden Dillon (VGK) for Roughing (Minor) at 10:20, Travis Zajac (NYR) for Hooking (Minor) at 18:15

Goalie Stats

Antti Raanta (NYR), 29 saves from 34 shots - (0,853), L, 18-11-4, 60:00 minutes
Charlie Lindgren (VGK), 26 saves from 28 shots - (0,929), W, 12-20-6, 60:00 minutes

Players Stats for NEW YORK Rangers

Player Name              G  A  P  +/- PIM S  H  SB GA TA FO     MP     PP MP  PK MP  
------------------------------------------------------------------------------------
Alex Iafallo             0  0  0   0  0   0  0  0  0  0  0/1     7:57   0:00   0:00 
Brandon Manning          0  1  1   1  2   2  2  0  0  0  0/0    17:08   7:28   0:00 
Brayden Schenn           0  0  0   0  0   2  1  0  0  0  0/1    16:06   0:00   0:00 
Carl Soderberg           1  0  1   0  0   3  1  0  0  0  1/2     7:57   0:00   0:00 
Frans Nielsen            0  0  0   0  0   2  1  0  0  0  6/9    15:28   6:28   1:03 
Garnet Hathaway          0  0  0  -2  0   1  3  0  0  0  0/0     5:03   0:00   0:00 
Josh Bailey              0  1  1   0  0   3  1  0  0  0  1/3    20:02   6:28   1:17 
Josh Leivo               0  0  0  -2  0   1  0  0  0  0  0/0     5:03   0:00   0:00 
Justin Faulk             0  0  0  -3  0   0  1  0  0  0  0/0    27:16   7:28   2:28 
Leon Draisaitl           0  0  0   0  0   2  1  0  0  0  21/32  26:45   7:25   3:14 
Michael Del Zotto        0  0  0   0  0   2  1  1  0  0  0/0    23:42   6:25   2:51 
Michael Stone            0  1  1   0  0   1  0  1  0  0  0/0    14:22   0:00   0:00 
Mikhail Sergachev        0  0  0   1  0   0  0  0  0  0  0/0    18:25   6:25   2:19 
Nate Thompson            0  0  0  -2  0   0  1  0  0  0  4/8     5:45   0:42   0:00 
Nico Hischier            0  0  0   0  0   4  2  0  0  0  6/10   26:49   7:25   3:18 
Ryan Dzingel             0  0  0   0  0   2  3  0  0  0  0/3    19:00   6:43   0:00 
Travis Zajac             1  0  1   0  2   3  2  0  0  0  12/25  19:20   6:28   0:36 
Tyler Myers              0  0  0  -3  2   0  1  1  0  0  0/0    19:05   0:00   1:50 

Players Stats for VEGAS Golden Knights

Player Name              G  A  P  +/- PIM S  H  SB GA TA FO     MP     PP MP  PK MP  
------------------------------------------------------------------------------------
Antoine Roussel          1  0  1   0  0   2  0  0  0  0  6/14   11:52   0:00   0:00 
Benoit Pouliot           0  0  0   1  0   2  0  0  0  0  0/1    12:09   0:00   0:30 
Brendan Smith            0  1  1   2  0   0  0  0  0  0  0/0    13:58   0:00   0:31 
Brenden Dillon           0  1  1   2  2   1  1  0  0  0  0/0    24:28   3:06   6:35 
Calle Jarnkrok           0  1  1   1  2   6  1  0  0  0  12/26  19:20   1:53   1:56 
Cody Eakin               1  0  1   1  0   8  0  0  0  0  11/21  13:32   1:53   0:00 
Joel Ward                0  1  1   0  0   0  0  0  0  0  0/0    11:52   0:00   0:00 
Joonas Donskoi           0  0  0   0  0   0  0  0  0  0  0/0     2:20   0:00   0:00 
Jordan Oesterle          0  1  1   1  0   0  2  2  0  0  0/0    23:50   1:23   6:39 
Justin Braun             1  1  2   1  2   3  2  2  0  0  0/0    23:36   1:38   4:50 
Marc Methot              0  0  0  -1  2   1  2  2  0  0  0/0    20:38   3:06   6:46 
Markus Granlund          0  0  0   1  0   3  0  0  0  0  0/1    19:14   2:51   4:44 
Matt Stajan              0  1  1   0  0   2  2  0  0  0  10/22  13:54   2:51   8:43 
Mattias Janmark          1  1  2   1  0   3  2  1  0  0  1/2    25:17   1:56   7:49 
Michael Raffl            0  0  0   0  2   0  1  0  0  0  1/1     4:04   0:55   0:50 
Mike Reilly              0  0  0  -1  0   0  0  1  0  0  0/0    13:27   0:15   2:25 
Nick Bjugstad            0  0  0   1  4   1  0  0  0  0  2/5    20:37   1:53   3:14 
Zack Kassian             1  1  2   0  0   2  2  0  0  0  0/1    11:52   0:00   0:00 

3 Stars

1 - Mattias Janmark (VGK)
2 - Zack Kassian (VGK)
3 - Justin Braun (VGK)

Power Play

NEW YORK Rangers - 0 on 7 Attempt(s) - 0,00%
VEGAS Golden Knights - 1 on 3 Attempt(s) - 33,33%

Penalty Kill

NEW YORK Rangers - 2 on 3 Attempt(s) - 66,67% - Score 0 goal in Penalty Kill
VEGAS Golden Knights - 7 on 7 Attempt(s) - 100,00% - Score 0 goal in Penalty Kill

Team Stat

NEW YORK Rangers - Hits : 21 - Faceoff Wins : 51 - Blocked Shots : 3 - Penalty Minutes : 6
VEGAS Golden Knights - Hits : 15 - Faceoff Wins : 43 - Blocked Shots : 8 - Penalty Minutes : 14

Official

Referees : Unknown
Linesman : Unknown

Game Notes

No Game Note

Finance

Level 1 -- Attendance: 4835 (80,58%) -- Ticket Income 483 500 $
Level 2 -- Attendance: 4110 (82,20%) -- Ticket Income 246 600 $
Level 3 -- Attendance: 2000 (100,00%) -- Ticket Income 70 000 $
Level 4 -- Attendance: 2705 (67,63%) -- Ticket Income 67 625 $
Luxury Box -- Attendance: 816 (81,60%) -- Ticket Income 163 200 $
Game was played at the T-Mobile Arena.
Total Attendance: 14466 (80,37%)
Total Ticket Income: 1 030 925 $
Other Income: 402 061 $
Total Income: 1 432 986 $

NEW YORK Rangers

5 vs 5 Forward 
   Center                   Left Wing                Right Wing               Time % Phy DF OF 
 1 Leon Draisaitl           Brayden Schenn           Nico Hischier            40     1   1  3  
 2 Travis Zajac             Ryan Dzingel             Josh Bailey              30     1   1  3  
 3 Frans Nielsen            Carl Soderberg           Alex Iafallo             20     1   2  2  
 4 Nate Thompson            Garnet Hathaway          Josh Leivo               10     2   2  1  

5 vs 5 Defense 
   Defense                  Defense                                           Time % Phy DF OF 
 1 Tyler Myers              Justin Faulk                                      40     1   2  2  
 2 Michael Del Zotto        Michael Stone                                     30     1   2  2  
 3 Brandon Manning          Mikhail Sergachev                                 20     1   2  2  
 4 Justin Faulk             Michael Del Zotto                                 10     1   2  2  

PowerPlay Forward 
   Center                   Left Wing                Right Wing               Time % Phy DF OF 
 1 Leon Draisaitl           Ryan Dzingel             Nico Hischier            60     1   2  2  
 2 Travis Zajac             Frans Nielsen            Josh Bailey              40     1   2  2  

PowerPlay Defense
   Defense                  Defense                                           Time % Phy DF OF 
 1 Brandon Manning          Justin Faulk                                      60     1   2  2  
 2 Michael Del Zotto        Mikhail Sergachev                                 40     1   2  2  

Penalty Kill 4 Players Forward 
   Center                   Wing                     Time % Phy DF OF 
 1 Nico Hischier            Leon Draisaitl           60     2   3  0  
 2 Josh Bailey              Travis Zajac             40     2   3  0  

Penalty Kill 4 Players Defense
   Defense                  Defense                  Time % Phy DF OF 
 1 Tyler Myers              Michael Del Zotto        60     2   3  0  
 2 Justin Faulk             Mikhail Sergachev        40     2   3  0  

Penalty Kill - 3 Players Forward 
   Forward                                           Time % Phy DF OF 
 1 Nico Hischier                                     60     1   4  0  
 2 Travis Zajac                                      40     1   4  0  

Penalty Kill - 3 Players Defense
   Defense                  Defense                  Time % Phy DF OF 
 1 Brandon Manning          Michael Del Zotto        60     1   4  0  
 2 Justin Faulk             Mikhail Sergachev        40     1   4  0  

4 vs 4 Forward 
   Center                   Wing                     Time % Phy DF OF 
 1 Leon Draisaitl           Travis Zajac             60     1   2  2  
 2 Nico Hischier            Josh Bailey              40     1   2  2  

4 vs 4 Defense
   Defense                  Defense                  Time % Phy DF OF 
 1 Mikhail Sergachev        Michael Del Zotto        60     1   2  2  
 2 Justin Faulk             Brandon Manning          40     1   2  2  

Last Minutes Offensive
   Center                   Left Wing                Right Wing               Defense                  Defense                  
   Brayden Schenn           Josh Bailey              Leon Draisaitl           Tyler Myers              Justin Faulk             

Last Minutes Defensive
   Center                   Left Wing                Right Wing               Defense                  Defense                  
   Travis Zajac             Nico Hischier            Nate Thompson            Tyler Myers              Michael Stone            

Goaltenders
Starting : Antti Raanta             
Backup : Philipp Grubauer         

Extra Forwards
Normal : Nico Hischier, Ryan Dzingel, Alex Iafallo - PP : Nate Thompson, Nico Hischier - PK : Frans Nielsen
Extra Defensemen
Normal : Brandon Manning, Mikhail Sergachev, Justin Faulk - PP : Brandon Manning - PK : Mikhail Sergachev, Justin Faulk
Penalty Shots
Travis Zajac, Leon Draisaitl, Nico Hischier, Josh Bailey, Ryan Dzingel

VEGAS Golden Knights

5 vs 5 Forward 
   Center                   Left Wing                Right Wing               Time % Phy DF OF 
 1 Calle Jarnkrok           Mattias Janmark          Nick Bjugstad            40     1   2  2  
 2 Cody Eakin               Benoit Pouliot           Markus Granlund          30     1   2  2  
 3 Antoine Roussel          Joel Ward                Zack Kassian             25     5   0  0  
 4 Matt Stajan              Joonas Donskoi           Michael Raffl            5      1   2  2  

5 vs 5 Defense 
   Defense                  Defense                                           Time % Phy DF OF 
 1 Jordan Oesterle          Justin Braun                                      40     1   2  2  
 2 Brenden Dillon           Brendan Smith                                     30     1   2  2  
 3 Marc Methot              Mike Reilly                                       20     1   2  2  
 4 Brenden Dillon           Justin Braun                                      10     1   2  2  

PowerPlay Forward 
   Center                   Left Wing                Right Wing               Time % Phy DF OF 
 1 Cody Eakin               Calle Jarnkrok           Nick Bjugstad            60     1   2  2  
 2 Matt Stajan              Mattias Janmark          Markus Granlund          40     1   2  2  

PowerPlay Defense
   Defense                  Defense                                           Time % Phy DF OF 
 1 Justin Braun             Jordan Oesterle                                   60     1   2  2  
 2 Brenden Dillon           Marc Methot                                       40     1   2  2  

Penalty Kill 4 Players Forward 
   Center                   Wing                     Time % Phy DF OF 
 1 Matt Stajan              Mattias Janmark          60     1   2  2  
 2 Nick Bjugstad            Markus Granlund          40     1   2  2  

Penalty Kill 4 Players Defense
   Defense                  Defense                  Time % Phy DF OF 
 1 Jordan Oesterle          Justin Braun             60     1   2  2  
 2 Brenden Dillon           Marc Methot              40     1   2  2  

Penalty Kill - 3 Players Forward 
   Forward                                           Time % Phy DF OF 
 1 Matt Stajan                                       60     1   2  2  
 2 Markus Granlund                                   40     1   2  2  

Penalty Kill - 3 Players Defense
   Defense                  Defense                  Time % Phy DF OF 
 1 Jordan Oesterle          Marc Methot              60     1   2  2  
 2 Brenden Dillon           Justin Braun             40     1   2  2  

4 vs 4 Forward 
   Center                   Wing                     Time % Phy DF OF 
 1 Markus Granlund          Matt Stajan              60     1   2  2  
 2 Nick Bjugstad            Mattias Janmark          40     1   2  2  

4 vs 4 Defense
   Defense                  Defense                  Time % Phy DF OF 
 1 Jordan Oesterle          Marc Methot              60     1   2  2  
 2 Brenden Dillon           Justin Braun             40     1   2  2  

Last Minutes Offensive
   Center                   Left Wing                Right Wing               Defense                  Defense                  
   Calle Jarnkrok           Mattias Janmark          Nick Bjugstad            Jordan Oesterle          Justin Braun             

Last Minutes Defensive
   Center                   Left Wing                Right Wing               Defense                  Defense                  
   Calle Jarnkrok           Mattias Janmark          Nick Bjugstad            Jordan Oesterle          Justin Braun             

Goaltenders
Starting : Charlie Lindgren         
Backup : Chad Johnson             

Extra Forwards
Normal : Markus Granlund, Mattias Janmark, Matt Stajan - PP : Matt Stajan, Markus Granlund - PK : Matt Stajan
Extra Defensemen
Normal : Marc Methot, Jordan Oesterle, Brenden Dillon - PP : Brenden Dillon - PK : Jordan Oesterle, Brenden Dillon
Penalty Shots
Nick Bjugstad, Matt Stajan, Mattias Janmark, Calle Jarnkrok, Markus Granlund


% Time on Ice - NEW YORK Rangers

Lines # - Real PCT - Wanted PCT - Time Play
Normal Forward
1 - 39% - 40% - 16:06
2 - 30% - 30% - 12:17
3 - 19% - 20% - 7:57
4 - 12% - 10% - 5:03
Normal Defense
1 - 40% - 40% - 16:35
2 - 35% - 30% - 14:22
3 - 23% - 20% - 9:41
4 - 2% - 10% - 0:45
PP Forward
1 - 53% - 60% - 7:25
2 - 47% - 40% - 6:28
PP Defense
1 - 54% - 60% - 7:28
2 - 46% - 40% - 6:25
PK Forward
1 - 73% - 60% - 3:27
2 - 27% - 40% - 1:17
PK Defense
1 - 60% - 60% - 2:51
2 - 40% - 40% - 1:53
PK3 Forward
1 - 0% - 60%
2 - 0% - 40%
PK3 Defense
1 - 0% - 60%
2 - 0% - 40%
44 Forward
1 - 0% - 60%
2 - 0% - 40%
44 Defense
1 - 0% - 60%
2 - 0% - 40%
Last Minute Offensive  - 0:00
Last Minute Defensive  - 0:00
Total
Forward - 60:00
Defense - 60:00

% Time on Ice - VEGAS Golden Knights

Lines # - Real PCT - Wanted PCT - Time Play
Normal Forward
1 - 38% - 40% - 15:32
2 - 28% - 30% - 11:39
3 - 29% - 25% - 11:52
4 - 6% - 5% - 2:20
Normal Defense
1 - 38% - 40% - 15:35
2 - 33% - 30% - 13:27
3 - 26% - 20% - 10:47
4 - 4% - 10% - 1:34
PP Forward
1 - 40% - 60% - 1:53
2 - 60% - 40% - 2:51
PP Defense
1 - 35% - 60% - 1:38
2 - 65% - 40% - 3:06
PK Forward
1 - 66% - 60% - 9:09
2 - 34% - 40% - 4:44
PK Defense
1 - 41% - 60% - 5:40
2 - 59% - 40% - 8:13
PK3 Forward
1 - 0% - 60%
2 - 0% - 40%
PK3 Defense
1 - 0% - 60%
2 - 0% - 40%
44 Forward
1 - 0% - 60%
2 - 0% - 40%
44 Defense
1 - 0% - 60%
2 - 0% - 40%
Last Minute Offensive  - 0:00
Last Minute Defensive  - 0:00
Total
Forward - 60:00
Defense - 60:00

Play-by-Play

1st period


0:01 of 1st period - Leon Draisaitl wins face-off versus Calle Jarnkrok in neutral zone.
0:06 of 1st period - Shot by Tyler Myers.
0:06 of 1st period - Shot Misses the Net.
0:25 of 1st period - Icing by Tyler Myers.
0:26 of 1st period - Cody Eakin wins face-off versus Leon Draisaitl in NEW YORK Rangers zone.
0:41 of 1st period - Shot by Benoit Pouliot.
0:41 of 1st period - Stopped by Antti Raanta with a rebound.
0:45 of 1st period - Shot by Cody Eakin.
0:45 of 1st period - Stopped by Antti Raanta without a rebound.
0:46 of 1st period - Antoine Roussel wins face-off versus Josh Bailey in NEW YORK Rangers zone.
0:59 of 1st period - Shot by Travis Zajac.
0:59 of 1st period - Goal by Travis Zajac - NEW YORK Rangers : 1 - VEGAS Golden Knights : 0.
1:00 of 1st period - Michael Raffl wins face-off versus Alex Iafallo in neutral zone.
1:19 of 1st period - Shot by Carl Soderberg.
1:19 of 1st period - Shot Blocked by Justin Braun.
1:21 of 1st period - Shot by Alex Iafallo.
1:21 of 1st period - Shot Blocked by Justin Braun.
1:23 of 1st period - Shot by Alex Iafallo.
1:23 of 1st period - Shot Misses the Net.
1:27 of 1st period - Shot by Carl Soderberg.
1:27 of 1st period - Shot Misses the Net.
1:29 of 1st period - Shot by Frans Nielsen.
1:29 of 1st period - Shot Misses the Net.
1:31 of 1st period - Shot by Frans Nielsen.
1:31 of 1st period - Shot Misses the Net.
1:33 of 1st period - Shot by Brandon Manning.
1:33 of 1st period - Stopped by Charlie Lindgren without a rebound.
1:34 of 1st period - Calle Jarnkrok wins face-off versus Ryan Dzingel in VEGAS Golden Knights zone.
1:45 of 1st period - Shot by Calle Jarnkrok.
1:45 of 1st period - Stopped by Antti Raanta without a rebound.
1:46 of 1st period - Nate Thompson wins face-off versus Antoine Roussel in NEW YORK Rangers zone.
1:46 of 1st period - Nate Thompson is hit by Zack Kassian.
2:15 of 1st period - Shot by Antoine Roussel.
2:15 of 1st period - Shot Blocked by Michael Del Zotto.
2:51 of 1st period - Josh Bailey is hit by Justin Braun and loses puck.
2:53 of 1st period - Minor Penalty to Justin Braun for Holding.
2:54 of 1st period - Matt Stajan wins face-off versus Leon Draisaitl in VEGAS Golden Knights zone.
3:09 of 1st period - Mattias Janmark is hit by Leon Draisaitl.
3:56 of 1st period - Shot by Travis Zajac.
3:56 of 1st period - Stopped by Charlie Lindgren without a rebound.
3:57 of 1st period - Matt Stajan wins face-off versus Travis Zajac in VEGAS Golden Knights zone.
3:57 of 1st period - Matt Stajan is hit by Frans Nielsen.
4:13 of 1st period - Shot by Matt Stajan.
4:13 of 1st period - Stopped by Antti Raanta without a rebound.
4:14 of 1st period - Nick Bjugstad wins face-off versus Travis Zajac in NEW YORK Rangers zone.
4:21 of 1st period - Shot by Travis Zajac.
4:21 of 1st period - Shot Misses the Net.
5:49 of 1st period - Benoit Pouliot is hit by Garnet Hathaway and loses puck.
6:50 of 1st period - Shot by Calle Jarnkrok.
6:50 of 1st period - Shot Misses the Net.
7:45 of 1st period - Minor Penalty to Michael Raffl for Slashing.
7:46 of 1st period - Leon Draisaitl wins face-off versus Matt Stajan in VEGAS Golden Knights zone.
8:36 of 1st period - Shot by Michael Del Zotto.
8:36 of 1st period - Stopped by Charlie Lindgren without a rebound.
8:37 of 1st period - Travis Zajac wins face-off versus Nick Bjugstad in VEGAS Golden Knights zone.
9:54 of 1st period - Brenden Dillon is hit by Garnet Hathaway and loses puck.
10:12 of 1st period - Icing by Tyler Myers.
10:13 of 1st period - Cody Eakin wins face-off versus Nate Thompson in NEW YORK Rangers zone.
10:25 of 1st period - Icing by Marc Methot.
10:26 of 1st period - Leon Draisaitl wins face-off versus Cody Eakin in VEGAS Golden Knights zone.
11:11 of 1st period - Icing by Cody Eakin.
11:12 of 1st period - Travis Zajac wins face-off versus Cody Eakin in VEGAS Golden Knights zone.
11:35 of 1st period - Shot by Ryan Dzingel.
11:35 of 1st period - Stopped by Charlie Lindgren without a rebound.
11:36 of 1st period - Calle Jarnkrok wins face-off versus Frans Nielsen in VEGAS Golden Knights zone.
11:44 of 1st period - Icing by Mikhail Sergachev.
11:45 of 1st period - Frans Nielsen wins face-off versus Calle Jarnkrok in NEW YORK Rangers zone.
12:11 of 1st period - Shot by Brenden Dillon.
12:11 of 1st period - Stopped by Antti Raanta without a rebound.
12:12 of 1st period - Leon Draisaitl wins face-off versus Antoine Roussel in NEW YORK Rangers zone.
12:12 of 1st period - Leon Draisaitl is hit by Zack Kassian.
13:48 of 1st period - Calle Jarnkrok is hit by Travis Zajac and loses puck.
14:34 of 1st period - Carl Soderberg is hit by Marc Methot and loses puck.
15:38 of 1st period - Justin Faulk is hit by Michael Raffl and loses puck.
15:48 of 1st period - Off-side.
15:49 of 1st period - Nate Thompson wins face-off versus Calle Jarnkrok in neutral zone.
15:52 of 1st period - Mattias Janmark is hit by Garnet Hathaway and loses puck.
16:01 of 1st period - Shot by Josh Leivo.
16:01 of 1st period - Stopped by Charlie Lindgren without a rebound.
16:02 of 1st period - Antoine Roussel wins face-off versus Ryan Dzingel in VEGAS Golden Knights zone.
16:02 of 1st period - Antoine Roussel is hit by Ryan Dzingel.
16:07 of 1st period - Off-side.
16:08 of 1st period - Travis Zajac wins face-off versus Calle Jarnkrok in neutral zone.
16:11 of 1st period - Calle Jarnkrok is hit by Travis Zajac and loses puck.
16:35 of 1st period - Shot by Josh Bailey.
16:35 of 1st period - Stopped by Charlie Lindgren without a rebound.
16:36 of 1st period - Cody Eakin wins face-off versus Leon Draisaitl in VEGAS Golden Knights zone.
16:36 of 1st period - Cody Eakin is hit by Nico Hischier.
16:53 of 1st period - Shot by Cody Eakin.
16:53 of 1st period - Shot Misses the Net.
16:55 of 1st period - Shot by Cody Eakin.
16:55 of 1st period - Stopped by Antti Raanta without a rebound.
16:56 of 1st period - Travis Zajac wins face-off versus Calle Jarnkrok in NEW YORK Rangers zone.
16:56 of 1st period - Travis Zajac is hit by Calle Jarnkrok.
18:02 of 1st period - Travis Zajac is hit by Jordan Oesterle and loses puck.
18:17 of 1st period - Minor Penalty to Calle Jarnkrok for Slashing.
18:18 of 1st period - Matt Stajan wins face-off versus Nate Thompson in VEGAS Golden Knights zone.
18:18 of 1st period - Brenden Dillon is hit by Nate Thompson and loses puck.
18:59 of 1st period - Shot by Nico Hischier.
18:59 of 1st period - Stopped by Charlie Lindgren without a rebound.
19:00 of 1st period - Matt Stajan wins face-off versus Travis Zajac in VEGAS Golden Knights zone.
19:49 of 1st period - Shot by Leon Draisaitl.
19:49 of 1st period - Deflect By Nico Hischier.
19:49 of 1st period - Shot Misses the Net.
Goals for this period are 1 for NEW YORK Rangers vs 0 for VEGAS Golden Knights.
Shots for this period are 8 for NEW YORK Rangers vs 6 for VEGAS Golden Knights.

2nd period


0:01 of 2nd period - Leon Draisaitl wins face-off versus Matt Stajan in neutral zone.
0:28 of 2nd period - Shot by Cody Eakin.
0:28 of 2nd period - Stopped by Antti Raanta with a rebound.
0:32 of 2nd period - Shot by Cody Eakin.
0:32 of 2nd period - Shot Misses the Net.
0:34 of 2nd period - Shot by Cody Eakin.
0:34 of 2nd period - Shot Blocked by Michael Stone.
0:57 of 2nd period - Shot by Markus Granlund.
0:57 of 2nd period - Stopped by Antti Raanta with a rebound.
1:20 of 2nd period - Minor Penalty to Nick Bjugstad for Hooking.
1:21 of 2nd period - Matt Stajan wins face-off versus Leon Draisaitl in VEGAS Golden Knights zone.
1:58 of 2nd period - Shot by Leon Draisaitl.
1:58 of 2nd period - Stopped by Charlie Lindgren without a rebound.
1:59 of 2nd period - Calle Jarnkrok wins face-off versus Travis Zajac in VEGAS Golden Knights zone.
2:24 of 2nd period - Shot by Josh Bailey.
2:24 of 2nd period - Stopped by Charlie Lindgren without a rebound.
2:25 of 2nd period - Nico Hischier wins face-off versus Matt Stajan in VEGAS Golden Knights zone.
2:26 of 2nd period - Shot by Ryan Dzingel.
2:26 of 2nd period - Shot Misses the Net.
2:28 of 2nd period - Shot by Nico Hischier.
2:28 of 2nd period - Stopped by Charlie Lindgren without a rebound.
2:29 of 2nd period - Leon Draisaitl wins face-off versus Matt Stajan in VEGAS Golden Knights zone.
2:42 of 2nd period - Shot by Leon Draisaitl.
2:42 of 2nd period - Shot Hit the Post.
2:44 of 2nd period - Shot by Brandon Manning.
2:44 of 2nd period - Shot Misses the Net.
2:59 of 2nd period - Shot by Leon Draisaitl.
2:59 of 2nd period - Stopped by Charlie Lindgren without a rebound.
3:00 of 2nd period - Travis Zajac wins face-off versus Calle Jarnkrok in VEGAS Golden Knights zone.
3:26 of 2nd period - Off-side.
3:27 of 2nd period - Leon Draisaitl wins face-off versus Antoine Roussel in neutral zone.
3:30 of 2nd period - Shot by Justin Faulk.
3:30 of 2nd period - Shot Blocked by Marc Methot.
3:50 of 2nd period - Shot by Zack Kassian.
3:50 of 2nd period - Shot Misses the Net.
3:52 of 2nd period - Shot by Antoine Roussel.
3:52 of 2nd period - Deflect By Joel Ward.
3:52 of 2nd period - Shot Misses the Net.
4:31 of 2nd period - Shot by Calle Jarnkrok.
4:31 of 2nd period - Stopped by Antti Raanta without a rebound.
4:32 of 2nd period - Cody Eakin wins face-off versus Travis Zajac in NEW YORK Rangers zone.
4:43 of 2nd period - Shot by Cody Eakin.
4:43 of 2nd period - Stopped by Antti Raanta with a rebound.
5:41 of 2nd period - Off-side.
5:42 of 2nd period - Calle Jarnkrok wins face-off versus Nate Thompson in neutral zone.
5:55 of 2nd period - Shot by Mattias Janmark.
5:55 of 2nd period - Stopped by Antti Raanta without a rebound.
5:56 of 2nd period - Leon Draisaitl wins face-off versus Antoine Roussel in NEW YORK Rangers zone.
6:37 of 2nd period - Off-side.
6:38 of 2nd period - Frans Nielsen wins face-off versus Calle Jarnkrok in neutral zone.
6:44 of 2nd period - Icing by Justin Braun.
6:45 of 2nd period - Travis Zajac wins face-off versus Calle Jarnkrok in VEGAS Golden Knights zone.
7:04 of 2nd period - Shot by Mattias Janmark.
7:04 of 2nd period - Deflect By Calle Jarnkrok.
7:04 of 2nd period - Stopped by Antti Raanta without a rebound.
7:05 of 2nd period - Cody Eakin wins face-off versus Leon Draisaitl in NEW YORK Rangers zone.
7:13 of 2nd period - Icing by Justin Faulk.
7:14 of 2nd period - Leon Draisaitl wins face-off versus Calle Jarnkrok in NEW YORK Rangers zone.
7:14 of 2nd period - Leon Draisaitl is hit by Mattias Janmark.
7:19 of 2nd period - Brayden Schenn is hit by Jordan Oesterle and loses puck.
7:39 of 2nd period - Minor Penalty to Nick Bjugstad for Interference.
7:40 of 2nd period - Matt Stajan wins face-off versus Josh Bailey in VEGAS Golden Knights zone.
8:09 of 2nd period - Shot by Josh Bailey.
8:09 of 2nd period - Stopped by Charlie Lindgren without a rebound.
8:10 of 2nd period - Leon Draisaitl wins face-off versus Calle Jarnkrok in VEGAS Golden Knights zone.
10:09 of 2nd period - Shot by Zack Kassian.
10:09 of 2nd period - Shot Misses the Net.
10:11 of 2nd period - Shot by Zack Kassian.
10:11 of 2nd period - Deflect By Antoine Roussel.
10:11 of 2nd period - Goal by Antoine Roussel - NEW YORK Rangers : 1 - VEGAS Golden Knights : 1.
10:12 of 2nd period - Leon Draisaitl wins face-off versus Benoit Pouliot in neutral zone.
10:36 of 2nd period - Shot by Cody Eakin.
10:36 of 2nd period - Stopped by Antti Raanta without a rebound.
10:37 of 2nd period - Travis Zajac wins face-off versus Matt Stajan in NEW YORK Rangers zone.
11:02 of 2nd period - Joonas Donskoi is hit by Brandon Manning and loses puck.
11:05 of 2nd period - Shot by Matt Stajan.
11:05 of 2nd period - Stopped by Antti Raanta without a rebound.
11:06 of 2nd period - Calle Jarnkrok wins face-off versus Leon Draisaitl in NEW YORK Rangers zone.
11:07 of 2nd period - Shot by Mattias Janmark.
11:07 of 2nd period - Stopped by Antti Raanta with a rebound.
11:09 of 2nd period - Shot by Mattias Janmark.
11:09 of 2nd period - Deflect By Nick Bjugstad.
11:09 of 2nd period - Stopped by Antti Raanta with a rebound.
11:10 of 2nd period - Minor Penalty to Tyler Myers for Tripping.
11:11 of 2nd period - Cody Eakin wins face-off versus Nico Hischier in NEW YORK Rangers zone.
11:48 of 2nd period - Shot by Cody Eakin.
11:48 of 2nd period - Stopped by Antti Raanta without a rebound.
11:49 of 2nd period - Nico Hischier wins face-off versus Matt Stajan in NEW YORK Rangers zone.
11:49 of 2nd period - Nico Hischier is hit by Mattias Janmark.
11:59 of 2nd period - Shot by Justin Braun.
11:59 of 2nd period - Stopped by Antti Raanta with a rebound.
12:09 of 2nd period - Shot by Justin Braun.
12:09 of 2nd period - Shot Misses the Net.
12:11 of 2nd period - Shot by Justin Braun.
12:11 of 2nd period - Goal by Justin Braun - NEW YORK Rangers : 1 - VEGAS Golden Knights : 2.
12:12 of 2nd period - Antoine Roussel wins face-off versus Travis Zajac in neutral zone.
12:35 of 2nd period - Shot by Joel Ward.
12:35 of 2nd period - Shot Misses the Net.
12:38 of 2nd period - Icing by Brandon Manning.
12:39 of 2nd period - Calle Jarnkrok wins face-off versus Travis Zajac in NEW YORK Rangers zone.
12:40 of 2nd period - Shot by Justin Braun.
12:40 of 2nd period - Stopped by Antti Raanta without a rebound.
12:41 of 2nd period - Calle Jarnkrok wins face-off versus Frans Nielsen in NEW YORK Rangers zone.
12:50 of 2nd period - Shot by Mattias Janmark.
12:50 of 2nd period - Shot Misses the Net.
12:52 of 2nd period - Shot by Calle Jarnkrok.
12:52 of 2nd period - Shot Misses the Net.
12:54 of 2nd period - Shot by Mattias Janmark.
12:54 of 2nd period - Goal by Mattias Janmark - NEW YORK Rangers : 1 - VEGAS Golden Knights : 3.
12:55 of 2nd period - Leon Draisaitl wins face-off versus Cody Eakin in neutral zone.
13:00 of 2nd period - Shot by Brayden Schenn.
13:00 of 2nd period - Stopped by Charlie Lindgren without a rebound.
13:01 of 2nd period - Leon Draisaitl wins face-off versus Calle Jarnkrok in VEGAS Golden Knights zone.
13:12 of 2nd period - Shot by Tyler Myers.
13:12 of 2nd period - Shot Misses the Net.
13:34 of 2nd period - Shot by Brayden Schenn.
13:34 of 2nd period - Stopped by Charlie Lindgren without a rebound.
13:35 of 2nd period - Travis Zajac wins face-off versus Markus Granlund in VEGAS Golden Knights zone.
13:40 of 2nd period - Shot by Josh Bailey.
13:40 of 2nd period - Shot Misses the Net.
14:47 of 2nd period - Shot by Carl Soderberg.
14:47 of 2nd period - Shot Misses the Net.
14:49 of 2nd period - Shot by Carl Soderberg.
14:49 of 2nd period - Stopped by Charlie Lindgren without a rebound.
14:50 of 2nd period - Leon Draisaitl wins face-off versus Antoine Roussel in VEGAS Golden Knights zone.
15:42 of 2nd period - Off-side.
15:43 of 2nd period - Frans Nielsen wins face-off versus Calle Jarnkrok in neutral zone.
16:05 of 2nd period - Icing by Nick Bjugstad.
16:06 of 2nd period - Calle Jarnkrok wins face-off versus Travis Zajac in VEGAS Golden Knights zone.
17:02 of 2nd period - Icing by Jordan Oesterle.
17:03 of 2nd period - Leon Draisaitl wins face-off versus Calle Jarnkrok in VEGAS Golden Knights zone.
17:23 of 2nd period - Icing by Justin Faulk.
17:24 of 2nd period - Leon Draisaitl wins face-off versus Cody Eakin in NEW YORK Rangers zone.
17:31 of 2nd period - Shot by Brayden Schenn.
17:31 of 2nd period - Shot Misses the Net.
18:29 of 2nd period - Shot by Frans Nielsen.
18:29 of 2nd period - Stopped by Charlie Lindgren without a rebound.
18:30 of 2nd period - Josh Bailey wins face-off versus Antoine Roussel in VEGAS Golden Knights zone.
18:54 of 2nd period - Travis Zajac is hit by Marc Methot and loses puck.
19:14 of 2nd period - Minor Penalty to Marc Methot for Roughing.
19:15 of 2nd period - Matt Stajan wins face-off versus Leon Draisaitl in VEGAS Golden Knights zone.
19:15 of 2nd period - Matt Stajan is hit by Ryan Dzingel.
19:31 of 2nd period - Shot by Nico Hischier.
19:31 of 2nd period - Shot Blocked by Jordan Oesterle.
19:35 of 2nd period - Shot by Nico Hischier.
19:35 of 2nd period - Stopped by Charlie Lindgren without a rebound.
19:36 of 2nd period - Travis Zajac wins face-off versus Matt Stajan in VEGAS Golden Knights zone.
19:47 of 2nd period - Mattias Janmark is hit by Justin Faulk.
19:54 of 2nd period - Icing by Frans Nielsen.
19:55 of 2nd period - Matt Stajan wins face-off versus Travis Zajac in NEW YORK Rangers zone.
Goals for this period are 0 for NEW YORK Rangers vs 3 for VEGAS Golden Knights.
Shots for this period are 10 for NEW YORK Rangers vs 16 for VEGAS Golden Knights.

3rd period


0:01 of 3rd period - Matt Stajan wins face-off versus Leon Draisaitl in neutral zone.
0:12 of 3rd period - Shot by Brandon Manning.
0:12 of 3rd period - Stopped by Charlie Lindgren without a rebound.
0:13 of 3rd period - Travis Zajac wins face-off versus Matt Stajan in VEGAS Golden Knights zone.
1:20 of 3rd period - Shot by Garnet Hathaway.
1:20 of 3rd period - Stopped by Charlie Lindgren without a rebound.
1:21 of 3rd period - Antoine Roussel wins face-off versus Leon Draisaitl in VEGAS Golden Knights zone.
1:21 of 3rd period - Antoine Roussel is hit by Nico Hischier.
1:36 of 3rd period - Shot by Zack Kassian.
1:36 of 3rd period - Stopped by Antti Raanta without a rebound.
1:37 of 3rd period - Mattias Janmark wins face-off versus Nate Thompson in NEW YORK Rangers zone.
1:40 of 3rd period - Shot by Calle Jarnkrok.
1:40 of 3rd period - Stopped by Antti Raanta with a rebound.
2:00 of 3rd period - Shot by Mattias Janmark.
2:00 of 3rd period - Shot Misses the Net.
2:59 of 3rd period - Shot by Benoit Pouliot.
2:59 of 3rd period - Stopped by Antti Raanta with a rebound.
3:01 of 3rd period - Shot by Marc Methot.
3:01 of 3rd period - Shot Misses the Net.
3:24 of 3rd period - Icing by Tyler Myers.
3:25 of 3rd period - Leon Draisaitl wins face-off versus Zack Kassian in NEW YORK Rangers zone.
3:38 of 3rd period - Shot by Carl Soderberg.
3:38 of 3rd period - Goal by Carl Soderberg - NEW YORK Rangers : 2 - VEGAS Golden Knights : 3.
3:39 of 3rd period - Frans Nielsen wins face-off versus Matt Stajan in neutral zone.
4:02 of 3rd period - Off-side.
4:03 of 3rd period - Calle Jarnkrok wins face-off versus Travis Zajac in neutral zone.
4:14 of 3rd period - Travis Zajac is hit by Brenden Dillon and loses puck.
4:31 of 3rd period - Shot by Calle Jarnkrok.
4:31 of 3rd period - Stopped by Antti Raanta without a rebound.
4:32 of 3rd period - Frans Nielsen wins face-off versus Cody Eakin in NEW YORK Rangers zone.
5:00 of 3rd period - Jordan Oesterle is hit by Michael Del Zotto and loses puck.
5:05 of 3rd period - Shot by Markus Granlund.
5:05 of 3rd period - Stopped by Antti Raanta without a rebound.
5:06 of 3rd period - Leon Draisaitl wins face-off versus Calle Jarnkrok in NEW YORK Rangers zone.
6:44 of 3rd period - Shot by Travis Zajac.
6:44 of 3rd period - Shot Blocked by Marc Methot.
7:04 of 3rd period - Shot by Frans Nielsen.
7:04 of 3rd period - Deflect By Carl Soderberg.
7:04 of 3rd period - Shot Blocked by Mike Reilly.
7:06 of 3rd period - Shot by Frans Nielsen.
7:06 of 3rd period - Deflect By Carl Soderberg.
7:06 of 3rd period - Stopped by Charlie Lindgren without a rebound.
7:07 of 3rd period - Nate Thompson wins face-off versus Cody Eakin in VEGAS Golden Knights zone.
7:21 of 3rd period - Minor Penalty to Brandon Manning for Roughing.
7:22 of 3rd period - Cody Eakin wins face-off versus Nico Hischier in NEW YORK Rangers zone.
8:51 of 3rd period - Justin Faulk is hit by Matt Stajan and loses puck.
9:13 of 3rd period - Icing by Calle Jarnkrok.
9:14 of 3rd period - Nico Hischier wins face-off versus Cody Eakin in VEGAS Golden Knights zone.
9:33 of 3rd period - Shot by Michael Stone.
9:33 of 3rd period - Stopped by Charlie Lindgren without a rebound.
9:34 of 3rd period - Antoine Roussel wins face-off versus Ryan Dzingel in VEGAS Golden Knights zone.
9:36 of 3rd period - Zack Kassian is hit by Josh Bailey and loses puck.
9:49 of 3rd period - Shot by Travis Zajac.
9:49 of 3rd period - Stopped by Charlie Lindgren without a rebound.
9:50 of 3rd period - Calle Jarnkrok wins face-off versus Carl Soderberg in VEGAS Golden Knights zone.
10:08 of 3rd period - Mattias Janmark is hit by Brandon Manning and loses puck.
10:11 of 3rd period - Shot by Calle Jarnkrok.
10:11 of 3rd period - Stopped by Antti Raanta without a rebound.
10:12 of 3rd period - Leon Draisaitl wins face-off versus Cody Eakin in NEW YORK Rangers zone.
10:20 of 3rd period - Minor Penalty to Brenden Dillon for Roughing.
10:21 of 3rd period - Leon Draisaitl wins face-off versus Matt Stajan in VEGAS Golden Knights zone.
10:38 of 3rd period - Shot by Leon Draisaitl.
10:38 of 3rd period - Shot Blocked by Jordan Oesterle.
10:40 of 3rd period - Shot by Justin Faulk.
10:40 of 3rd period - Shot Misses the Net.
10:42 of 3rd period - Shot by Nico Hischier.
10:42 of 3rd period - Shot Blocked by Mattias Janmark.
10:44 of 3rd period - Shot by Ryan Dzingel.
10:44 of 3rd period - Shot Misses the Net.
11:19 of 3rd period - Michael Del Zotto is hit by Matt Stajan and loses puck.
12:25 of 3rd period - Shot by Joel Ward.
12:25 of 3rd period - Shot Misses the Net.
12:31 of 3rd period - Shot by Zack Kassian.
12:31 of 3rd period - Goal by Zack Kassian - NEW YORK Rangers : 2 - VEGAS Golden Knights : 4.
12:32 of 3rd period - Nate Thompson wins face-off versus Antoine Roussel in neutral zone.
12:48 of 3rd period - Shot by Antoine Roussel.
12:48 of 3rd period - Stopped by Antti Raanta without a rebound.
12:49 of 3rd period - Cody Eakin wins face-off versus Frans Nielsen in NEW YORK Rangers zone.
13:02 of 3rd period - Shot by Alex Iafallo.
13:02 of 3rd period - Shot Misses the Net.
13:04 of 3rd period - Shot by Michael Del Zotto.
13:04 of 3rd period - Stopped by Charlie Lindgren without a rebound.
13:05 of 3rd period - Calle Jarnkrok wins face-off versus Brayden Schenn in VEGAS Golden Knights zone.
14:15 of 3rd period - Shot by Markus Granlund.
14:15 of 3rd period - Stopped by Antti Raanta without a rebound.
14:16 of 3rd period - Antoine Roussel wins face-off versus Travis Zajac in NEW YORK Rangers zone.
14:29 of 3rd period - Icing by Brendan Smith.
14:30 of 3rd period - Frans Nielsen wins face-off versus Antoine Roussel in VEGAS Golden Knights zone.
14:52 of 3rd period - Brenden Dillon is hit by Carl Soderberg and loses puck.
15:09 of 3rd period - Icing by Michael Del Zotto.
15:10 of 3rd period - Carl Soderberg wins face-off versus Nick Bjugstad in NEW YORK Rangers zone.
15:21 of 3rd period - Shot by Frans Nielsen.
15:21 of 3rd period - Stopped by Charlie Lindgren without a rebound.
15:22 of 3rd period - Cody Eakin wins face-off versus Travis Zajac in VEGAS Golden Knights zone.
15:29 of 3rd period - Shot by Cody Eakin.
15:29 of 3rd period - Goal by Cody Eakin - NEW YORK Rangers : 2 - VEGAS Golden Knights : 5.
15:30 of 3rd period - Leon Draisaitl wins face-off versus Mattias Janmark in neutral zone.
15:33 of 3rd period - Shot by Brayden Schenn.
15:33 of 3rd period - Shot Misses the Net.
15:36 of 3rd period - Icing by Justin Braun.
15:37 of 3rd period - Nick Bjugstad wins face-off versus Leon Draisaitl in VEGAS Golden Knights zone.
15:45 of 3rd period - Nico Hischier is hit by Justin Braun and loses puck.
16:14 of 3rd period - Shot by Brayden Schenn.
16:14 of 3rd period - Deflect By Nico Hischier.
16:14 of 3rd period - Stopped by Charlie Lindgren without a rebound.
16:15 of 3rd period - Cody Eakin wins face-off versus Travis Zajac in VEGAS Golden Knights zone.
16:15 of 3rd period - Cody Eakin is hit by Ryan Dzingel.
16:18 of 3rd period - Icing by Brenden Dillon.
16:19 of 3rd period - Travis Zajac wins face-off versus Cody Eakin in VEGAS Golden Knights zone.
16:26 of 3rd period - Shot by Ryan Dzingel.
16:26 of 3rd period - Stopped by Charlie Lindgren without a rebound.
16:27 of 3rd period - Travis Zajac wins face-off versus Cody Eakin in VEGAS Golden Knights zone.
16:31 of 3rd period - Icing by Brenden Dillon.
16:32 of 3rd period - Cody Eakin wins face-off versus Leon Draisaitl in VEGAS Golden Knights zone.
16:46 of 3rd period - Icing by Nico Hischier.
16:47 of 3rd period - Calle Jarnkrok wins face-off versus Nico Hischier in NEW YORK Rangers zone.
16:48 of 3rd period - Shot by Nick Bjugstad.
16:48 of 3rd period - Shot Blocked by Tyler Myers.
16:53 of 3rd period - Icing by Tyler Myers.
16:54 of 3rd period - Nico Hischier wins face-off versus Nick Bjugstad in NEW YORK Rangers zone.
17:05 of 3rd period - Calle Jarnkrok is hit by Tyler Myers and loses puck.
17:22 of 3rd period - Justin Braun is hit by Brayden Schenn and loses puck.
18:15 of 3rd period - Minor Penalty to Travis Zajac for Hooking.
18:16 of 3rd period - Nico Hischier wins face-off versus Matt Stajan in NEW YORK Rangers zone.
18:24 of 3rd period - Off-side.
18:25 of 3rd period - Matt Stajan wins face-off versus Nico Hischier in neutral zone.
19:06 of 3rd period - Shot by Marc Methot.
19:06 of 3rd period - Stopped by Antti Raanta with a rebound.
19:25 of 3rd period - Shot by Cody Eakin.
19:25 of 3rd period - Stopped by Antti Raanta without a rebound.
19:26 of 3rd period - Nico Hischier wins face-off versus Matt Stajan in NEW YORK Rangers zone.
Goals for this period are 1 for NEW YORK Rangers vs 2 for VEGAS Golden Knights.
Shots for this period are 10 for NEW YORK Rangers vs 12 for VEGAS Golden Knights.